 Dungeon Crawl Stone Soup version 0.32-a0-599-gba8f9cf90e (webtiles) character file.

Game seed: 1736697757578923960

87 Sabo the Charlatan (level 4, -1/32 HPs)
             Began as a Coglin Artificer on Mar 2, 2024.
             Slain by a gnoll
             ... wielding a +0 flail
             ... led by a gnoll bouda
              (9 damage)
             ... on level 3 of the Dungeon.
             The game lasted 00:14:04 (2535 turns).

Sabo the Charlatan (Coglin Artificer)               Turns: 2535, Time: 00:14:05

Health: -1/32      AC:  9    Str: 14    XL:     4   Next: 51%
Magic:  4/4        EV:  7    Int: 10    God:
Gold:   101        SH:  0    Dex: 15    Spells: 3/3 levels left

rFire   . . .        h - +2 dagger (speed) {Publius}
rCold   . . .        i - +2 hand axe (heavy) {Kendra}
rNeg    . . .        a - +0 chain mail
rPois   .            (no helmet)
rElec   .            (no cloak)
rCorr   .            (no gloves)
SInv    .            j - +0 pair of boots
Will    .....        (amulet unavailable) Stlth
                     (ring unavailable)
HPRegen 0.25/turn    (ring unavailable)
MPRegen 0.09/turn    (no gizmo)

%: no passive effects
@: revved
A: off-hand wielding, slow wielding, warmup strikes, no jewellery
a: Invent Gizmo


You were on level 3 of the Dungeon.
You visited 1 branch of the dungeon, and saw 3 of its levels.

You collected 111 gold pieces.
You spent 10 gold pieces at shops.

Inventory:

Hand Weapons
 g - a +0 rapier {Kaya}
 h - a +2 dagger of speed (weapon) {Publius}
 i - a +2 heavy hand axe (offhand) {Kendra}
Missiles
 b - 2 javelins
Armour
 a - a +0 chain mail (worn)
 j - a +0 pair of boots (worn)
Wands
 c - a wand of flame (15) (quivered)
 d - a wand of charming (15)
 e - a wand of iceblast (5)
Scrolls
 f - 3 scrolls of teleportation
 k - a scroll of enchant weapon {unknown}
 l - a scroll of poison {unknown}


   Skills:
 + Level 1.5 Fighting
 + Level 1.2 Short Blades
 + Level 0.5(1.1) Axes
 + Level 1.3(1.4) Polearms
 + Level 2.0 Armour
 + Level 1.2 Dodging
 + Level 0.9 Stealth
 + Level 5.0 Evocations


You had 3 spell levels left.
You didn't know any spells.
Your spell library contained the following spells:

 Spells                   Type           Power      Damage    Failure   Level
 Necrotise                Necr           0%         1d4       100%        1
 Inner Flame              Hex/Fire       0%         N/A       100%        3
 Stone Arrow              Conj/Erth      0%         3d7       100%        3
 Vampiric Draining        Necr           0%         2d6       100%        3
 Animate Armour           Summ/Erth      0%         N/A       100%        4
 Martyr's Knell           Necr/Summ      0%         N/A       100%        4
 Curse of Agony           Necr           0%         N/A       100%        5
 Irradiate                Conj/Alch      0%         3d11      100%        5
 Ignition                 Fire           0%         3d3       100%        8
 Lehudib's Crystal Spear  Conj/Erth      0%         10d2      100%        8


Dungeon Overview and Level Annotations

Branches:
Dungeon (3/15)

Altars:
Ru

Shops:
D:1 !


Innate Abilities, Weirdness & Mutations

You can wield a second weapon in your off-hand.
It takes a long time for you to wield or remove held weapons.
Your first few attacks do less damage.
You cannot equip rings or amulets.


Message History

Your Armour skill increases to level 2!
Found a stone staircase leading down.
The gnoll barely misses you. The gnoll closely misses you.
Things that are here:
a +0 club; a gnoll corpse You hit the gnoll with your +2 heavy hand axe.
The gnoll is heavily wounded.
You barely miss the gnoll with your +2 heavy hand axe.
You closely miss the gnoll with your +2 dagger of speed.
The gnoll hits you but does no damage.
The gnoll bouda barks out a call to the hunt!
The gnolls pick up the pace!
You closely miss the gnoll with your +2 heavy hand axe.
The gnoll is heavily wounded.
You slash the gnoll with your +2 heavy hand axe!
You hit the goblin with your +2 heavy hand axe.
You hit the gnoll but do no damage. The gnoll hits you with a +0 halberd!
The gnoll hits you with a +0 whip. The goblin closely misses you.
You barely miss the gnoll with your +2 dagger of speed.
The gnoll is heavily wounded.
You slash the gnoll with your +2 heavy hand axe!
You kill the gnoll!
You barely miss the gnoll with your +2 heavy hand axe.
You barely miss the goblin with your +2 heavy hand axe.
You hit the gnoll with your +2 heavy hand axe.
The goblin closely misses you. The gnoll hits you but does no damage.
The gnoll hits you with a +0 flail.
* * * LOW HITPOINT WARNING * * *
You slash the gnoll bouda with your +2 heavy hand axe!
The gnoll bouda is moderately wounded.
You slash the goblin with your +2 heavy hand axe!
You kill the goblin!
You hit the gnoll but do no damage.
You hit the gnoll with your +2 heavy hand axe.
You hit the gnoll bouda but do no damage.
The gnoll hits you but does no damage.
The gnoll bouda hits you with a +0 club.
* * * LOW HITPOINT WARNING * * *
The gnoll hits you with a +0 flail!
You die...

# #.# #.# #.# #.#
#.# #.# ## #.# #.#
..>.#######.####.#
.................#
.....#####..######
......)g.#.##
.....gg@...#
....#.##g### . #
#.# #.# #.# #.#
#.# #.#


You could see a gnoll bouda and 3 gnolls.

Vanquished Creatures
  2 gnolls (D:3)
  2 ufetubi (D:3)
  2 dart slugs
  A ribbon worm (D:3)
  2 orcs (D:3)
  3 endoplasms
  A giant cockroach (D:1)
  7 goblins
  7 hobgoblins
  3 jackals (D:1)
  A quokka (D:3)
  7 ball pythons
  3 bats
  A frilled lizard (D:1)
  4 kobolds
  A rat (D:1)
47 creatures vanquished.

Notes
Turn   | Place    | Note
-------+----------+-------------------------------------------
     0 | D:1      | Sabo the Coglin Artificer began the quest for the Orb.
     0 | D:1      | Reached XP level 1. HP: 15/15 MP: 1/1
   394 | D:1      | Reached XP level 2. HP: 19/21 MP: 2/2
   442 | D:1      | Found a faded altar of an unknown god.
   649 | D:1      | Found Odum's Distillery.
   659 | D:1      | Bought a potion of degeneration for 10 gold pieces
   819 | D:1      | Reached skill level 1 in Dodging
   892 | D:1      | Reached skill level 5 in Evocations
   935 | D:1      | Reached XP level 3. HP: 24/26 MP: 3/3
  2042 | D:3      | Reached skill level 1 in Polearms
  2158 | D:3      | Reached skill level 1 in Short Blades
  2165 | D:3      | Reached XP level 4. HP: 12/32 MP: 4/4
  2414 | D:3      | Found a sacrificial altar of Ru.
  2535 | D:3      | Slain by a gnoll

Illustrated notes

Levels and vault maps discovered:
D:1:      co_arrival_square_in_a_square_in_a_square, layout_loops_cross,
          serial_shops, shop, chequers_ecumenical_altar_grove
D:2:      layout_basic
D:3:      layout_loops_ring, overflow_temple_1_default, saegor_snake_ambush

Skill      XL: |  1  2  3  4 |
---------------+-------------+-----
Dodging        | 1 |  1.2
Evocations     | 5 |  5.0
Polearms       | 1 |  1.3
Short Blades   | 1 |  1.2
Armour         | 2 |  2.0
Fighting       | |  1.5
Axes           | |  0.5
Stealth        | |  0.9

Action                     |  1- 3 |  4- 6 || total
---------------------------+-------+-------++-------
  Melee: Rapier            |    59 |       ||    59
         Dagger            |    13 |    20 ||    33
         Spear             |    42 |       ||    42
         Short sword       |     2 |       ||     2
         Hand axe          |     7 |    23 ||    30
    Use: Scroll            |     2 |       ||     2
 Armour: Leather armour    |    30 |       ||    30
         Ring mail         |    16 |       ||    16
         Chain mail        |    18 |    22 ||    40
  Dodge: Dodged            |    54 |    10 ||    64

Table legend: (Time is in decaauts)
 A = Elapsed time spent in this place.
 B = Non-inter-level travel time spent in this place.
 C = Inter-level travel time spent in this place.
 D = Time resting spent in this place.
 E = Time spent auto-exploring this place.
 F = Levels seen in this place.
 G = Mean time per level.
                   A        B        C        D        E       F      G
               +--------+--------+--------+--------+--------+-----+--------+
         Total |   2560 |   2560 |      0 |    314 |      0 |   3 |  853.3 |
       Dungeon |   2560 |   2560 |      0 |    314 |      0 |   3 |  853.3 |
               +--------+--------+--------+--------+--------+-----+--------+

Top non-repeatable levels by time:
     D:2: 1049 daAuts
     D:1: 989 daAuts
     D:3: 521 daAuts
